 Dungeon Crawl Stone Soup version 0.31-a0-1570-g93c622d222 (webtiles) character file.

Game seed: 7979879110601533189

139 grandjackal the Trooper (level 5, 0/47 HPs)
             Began as a Ghoul Monk on Jan 3, 2024.
             Slain by an iguana (9 damage)
             ... on level 4 of the Dungeon.
             The game lasted 00:02:22 (2327 turns).

grandjackal the Trooper (Ghoul Monk)                Turns: 2327, Time: 00:02:22

Health: 0/47       AC:  7    Str: 15    XL:     5   Next: 22%
Magic:  5/5        EV: 11    Int: 11    God:
Gold:   134        SH:  0    Dex: 11    Spells: 3/4 levels left

rFire   . .          .
                       - Unarmed
rCold   + . .        c - orb {light}
rNeg    + + +        k - +0 ring mail
rPois   ∞            (no helmet)
rElec   .            l - +0 cloak
rCorr   .            (no gloves)
SInv    .            e - +0 pair of boots
Will    .....        (no amulet) Stlth
                     (no ring)
HPRegen 0.00/turn    (no ring)
MPRegen 0.09/turn

%: no passive effects
@: inhibited regen, glowing, invisible (but backlit and visible)
A: claws 1, cold resistance 1, negative energy resistance 3, inhibited
regeneration, torment resistance 2, devour on kill
a: no special abilities


You were on level 4 of the Dungeon.
You visited 1 branch of the dungeon, and saw 4 of its levels.

You collected 134 gold pieces.

Inventory:

Armour
 c - an orb of light (worn)
 e - a +0 pair of boots (worn)
 k - a +0 ring mail (worn)
 l - a +0 cloak (worn)
 m - a +0 scale mail
Wands
 n - a wand of quicksilver (13)
Scrolls
 d - 3 scrolls of enchant armour {unknown}
 f - 2 scrolls of vulnerability {unknown}
 h - 3 scrolls of identify {unknown}
 i - 2 scrolls of fog {unknown}
 o - a scroll of poison {unknown}
 p - a scroll of immolation {unknown}
 r - a scroll of brand weapon {unknown}
Potions
 b - a potion of ambrosia
 g - a potion of attraction {unknown}
 j - 2 potions of brilliance {unknown}
 q - a potion of cancellation {unknown}


   Skills:
 + Level 4.9 Fighting
 - Level 3.0 Dodging
 + Level 4.9 Unarmed Combat
 + Level 0.0 Necromancy


You had 3 spell levels left.
You knew the following spells:

 Your Spells              Type           Power      Damage    Failure   Level
a - Kiss of Death         Conj/Necr      0%         2d5       56%         1

Your spell library contained the following spells:

 Spells                   Type           Power      Damage    Failure   Level
 Confusing Touch          Hex            0%         N/A       91%         3
 Dispel Undead            Necr           0%         3d6       100%        4


Dungeon Overview and Level Annotations

Branches:
Dungeon (4/15)
 Temple: D:4-7

Altars:


Innate Abilities, Weirdness & Mutations

You are immune to poison.
You have sharp fingernails.
Your flesh is cold resistant. (rC+)
You are immune to negative energy. (rN+++)
You do not regenerate when monsters are visible.
You are immune to unholy pain and torment.
You thrive by killing the living.


Message History

There is a stone staircase leading up here.
A dart slug comes into view.
Found a cloak.
A dart slug is nearby!
A dart slug is nearby!
A hound comes into view.
An endoplasm comes into view.
The endoplasm quivers.
An iguana and a jackal come into view.
The iguana hisses angrily.
The dart slug bites you. The hound bites you.
You scratch the hound.
The hound is moderately wounded.
The hound bites you.
You scratch the hound.
The hound is moderately wounded.
The hound bites you but does no damage. The dart slug barely misses you.
The dart slug launches a dart at you. The slug dart hits you.
The hound bites you. The iguana bites you!
The dart slug briefly extends its eye-stalks.
You scratch the iguana but do no damage.
The iguana bites you!
You scratch the iguana.
The iguana is moderately wounded.
The iguana barely misses you.
You barely miss the iguana.
The iguana is moderately wounded.
A jackal comes into view.
The iguana bites you.
* * * LOW HITPOINT WARNING * * *
A jackal comes into view.
It was a potion of invisibility.
You become transparent, but the glow from your halo prevents you from becoming completely invisible.
The jackal barks! x2
The iguana closely misses you. The iguana closely misses you.
You start removing your armour.
You continue taking off your +0 pair of boots.
The iguana bites you!
You stop removing your armour.
You die...

###########
..........##
...######..#####
##.............###
############....#
# ####@# ..#
###l#..#
####.hhw..#
#...hh.#.##
#........#
#.[#.##.## ....#.#
... #...# ..#
###.# .... .... .


You could see an iguana, a hound, a dart slug and 3 jackals.

Vanquished Creatures
  2 orc priests (D:3)
  An adder (D:2)
  A dart slug (D:3)
  A ribbon worm (D:3)
  5 orcs (D:3)
  6 bats
  9 endoplasms
  2 giant cockroaches (D:3)
  3 goblins
  4 hobgoblins
  2 quokkas (D:1)
  6 ball pythons
  2 frilled lizards (D:2)
  8 kobolds
  5 rats
57 creatures vanquished.

Notes
Turn   | Place    | Note
-------+----------+-------------------------------------------
     0 | D:1      | grandjackal the Ghoul Monk began the quest for the Orb.
     0 | D:1      | Reached XP level 1. HP: 19/19 MP: 1/1
   211 | D:1      | Reached XP level 2. HP: 25/26 MP: 2/2
   941 | D:2      | Reached XP level 3. HP: 31/33 MP: 3/3
  1668 | D:3      | Reached XP level 4. HP: 29/41 MP: 4/4
  1925 | D:3      | Found a faded altar of an unknown god.
  1975 | D:3      | Reached XP level 5. HP: 39/47 MP: 5/5
  2162 | D:3      | Learned a level 1 spell: Kiss of Death
  2327 | D:4      | Slain by an iguana

Illustrated notes

Levels and vault maps discovered:
D:1:      elethiomel_arrival_infinity_welcomes_careful_drivers, layout_basic,
          hex_tiny, minivault_24
D:2:      layout_basic, minmay_misc_feat_chi
D:3:      layout_rooms, hellmonk_ecumenical_altar_slurped_away
D:4:      layout_rooms, xom_butterflies

Skill      XL: |  1  2  3 |
---------------+----------+-----
Dodging        | 3 |  3.0
Fighting       | 4 |  4.9
Unarmed Combat | 4 |  4.9

Action                     |  1- 3 |  4- 6 || total
---------------------------+-------+-------++-------
  Melee: Unarmed           |    98 |    57 ||   155
    Use: Potion            |       |     1 ||     1
 Armour: Robe              |    29 |       ||    29
         Ring mail         |     9 |    34 ||    43
  Dodge: Dodged            |    36 |    31 ||    67

Table legend: (Time is in decaauts)
 A = Elapsed time spent in this place.
 B = Non-inter-level travel time spent in this place.
 C = Inter-level travel time spent in this place.
 D = Time resting spent in this place.
 E = Time spent auto-exploring this place.
 F = Levels seen in this place.
 G = Mean time per level.
                   A        B        C        D        E       F      G
               +--------+--------+--------+--------+--------+-----+--------+
         Total |   2314 |   2209 |    105 |     20 |   1777 |   4 |  578.5 |
       Dungeon |   2314 |   2209 |    105 |     20 |   1777 |   4 |  578.5 |
               +--------+--------+--------+--------+--------+-----+--------+

Top non-repeatable levels by time:
     D:2: 805 daAuts
     D:1: 804 daAuts
     D:3: 668 daAuts
     D:4: 36 daAuts
